 Dungeon Crawl Stone Soup version 0.30-a0-600-gb7c8574cbb (webtiles) character file.

Game seed: 10437397474741846258

238032 M4edhros the Spry (level 20, -1/140 HPs)
             Began as an Octopode Artificer on Jan 6, 2023.
             Was a Priest of Cheibriados.
             Killed from afar by a fire dragon (29 damage)
             ... with a blast of flame
             ... on level 4 of the Depths on Jan 7, 2023.
             The game lasted 02:10:36 (17852 turns).

M4edhros the Spry (Octopode Artificer)             Turns: 17852, Time: 02:10:36

Health: -1/140     AC:  3    Str: 23    XL:     20   Next: 9%
Magic:  8/54       EV: 51    Int: 41    God:    Cheibriados [***...]
Gold:   488        SH:  0    Dex: 42    Spells: 5/43 levels left

rFire   + . .      SeeInvis +    m - +6 halberd of Dominance {venom, rPois MP+9 Stlth+}
rCold   + . .      Faith    .    (shield currently unavailable)
rNeg    + . .      Spirit   .    j - +2 hat
rPois   +          Reflect  .    H - amulet "Qetistuck" {rF+ Regen+ Str+3}
rElec   .          Harm     .    w - ring of Keeskiub {rF+ Dex+3 SInv}
rCorr   .          Rampage  .    i - +6 ring of intelligence
Will    +++..                    N - ring "Basmudig" {rF- rN+ Will++ Int+9}
Stlth   +++++++                  V - +6 ring of dexterity
HPRegen 1.23/turn                d - ring of magical power
MPRegen 0.34/turn                g - ring of the Komtur {rC+ Int+3}
                                 y - +5 ring of evasion
                                 D - +6 ring of dexterity

@: slightly contaminated, very slow
A: almost no armour, amphibious, 8 rings, camouflage 1, gelatinous body 1,
(nimble swimmer 1), tentacles, fangs 1, sense surroundings 1
a: Renounce Religion, Bend Time, Temporal Distortion


You were on level 4 of the Depths.
You worshipped Cheibriados.
Cheibriados was most pleased with you.
You visited 7 branches of the dungeon, and saw 34 of its levels.
You also visited: Ice Cave.

You collected 3735 gold pieces.
You spent 3247 gold pieces at shops.

Inventory:

Hand Weapons
 m - the +6 halberd of Dominance (weapon) {venom, rPois MP+9 Stlth+}
   (You found it on level 3 of the Dungeon)

   rPois:     It protects you from poison.
   MP:        It affects your magic capacity (+9).
   Stlth:     It makes you more stealthy.
 W - the +8 storm bow {elec, penet}
   (You found it on level 3 of the Elven Halls)

   Any ammunition fired by it passes through the targets it hits, potentially
   hitting all targets in its path until it reaches maximum range.
Missiles
 b - 12 javelins
 x - 2 throwing nets
 B - 62 poisoned darts (quivered)
 I - 2 curare-tipped darts
 M - 5 silver javelins
Armour
 j - a +2 hat (worn)
Jewellery
 d - a ring of magical power (on tentacle)
 f - a ring of flight
 g - the ring of the Komtur (on tentacle) {rC+ Int+3}
   (You bought it in a shop on level 2 of the Depths)

   [ring of protection from cold]

   Int:       It affects your intelligence (+3).
   rC:        It protects you from cold.
 i - a +6 ring of intelligence (right tentacle)
 l - the ring of Egomania {Fire Will+ MP+9}
   (You acquired it on level 2 of the Orcish Mines)

   [ring of fire]

   It enhances your fire magic.
   rF:        It protects you from fire.
   rC:        It makes you vulnerable to cold.
   MP:        It affects your magic capacity (+9).
   Will:      It increases your willpower.
 w - the ring of Keeskiub (left tentacle) {rF+ Dex+3 SInv}
   (You bought it in a shop on level 14 of the Dungeon)

   [ring of protection from fire]

   Dex:       It affects your dexterity (+3).
   rF:        It protects you from fire.
   SInv:      It lets you see invisible.
 y - a +5 ring of evasion (on tentacle)
 D - a +6 ring of dexterity (on tentacle)
 H - the amulet "Qetistuck" (around mantle) {rF+ Regen+ Str+3}
   (You took it off a deep elf sorcerer on level 3 of the Elven Halls)

   [amulet of regeneration]

   Str:       It affects your strength (+3).
   rF:        It protects you from fire.
   Regen:     It increases your rate of health regeneration.
 N - the ring "Basmudig" (on tentacle) {rF- rN+ Will++ Int+9}
   (You bought it in a shop on level 14 of the Dungeon)

   [ring of positive energy]

   Int:       It affects your intelligence (+9).
   rF:        It makes you vulnerable to fire.
   rN:        It protects you from negative energy.
   Will:      It greatly increases your willpower.
 V - a +6 ring of dexterity (on tentacle)
 Z - a ring of protection from fire
Wands
 a - a wand of iceblast (15)
 L - a wand of flame (33)
 T - a wand of charming (17)
Scrolls
 c - a scroll of butterflies
 n - 6 scrolls of fear
 o - 4 scrolls of magic mapping
 p - a scroll of poison
 q - 2 scrolls of amnesia
 u - 8 scrolls of teleportation
 z - a scroll of brand weapon
 E - 4 scrolls of enchant armour
 U - 3 scrolls of immolation
Potions
 h - a potion of cancellation
 r - 5 potions of curing
 t - 3 potions of lignification
 v - 4 potions of might
 A - 3 potions of brilliance
 C - 6 potions of mutation
 F - a potion of heal wounds
 G - 2 potions of invisibility
 O - a potion of resistance
 Q - 5 potions of attraction
Miscellaneous
 e - a box of beasts
 s - a phantom mirror
 S - a tin of tremorstones (2/2)


   Skills:
 - Level 13.0 Fighting
 - Level 1.5 Short Blades
 - Level 16.0 Polearms
 * Level 20.2 Dodging
 - Level 8.0 Stealth
 - Level 1.8 Unarmed Combat
 * Level 12.4 Spellcasting
 - Level 9.3 Conjurations
 - Level 14.1 Hexes
 - Level 4.6 Summonings
 - Level 8.0 Ice Magic
 - Level 6.0 Air Magic
 - Level 6.0 Poison Magic
 - Level 7.0 Invocations
 - Level 5.0 Evocations


You had 5 spell levels left.
You knew the following spells:

 Your Spells              Type           Power      Damage    Failure   Level
a - Mephitic Cloud        Conj/Pois/Air  71%        N/A       1%          3
b - Apportation           Tloc           50%        N/A       1%          1
c - Airstrike             Air            32%        2d(5-21)  1%          4
d - Wereblood             Tmut           25%        N/A       1%          2
e - Blink                 Tloc           50%        N/A       1%          2
f - Ozocubu's Armour      Ice            74%        N/A       1%          3
g - Ensorcelled Hibernat  Hex/Ice        100%       N/A       1%          2
h - Summon Lightning Spi  Summ/Air       62%        N/A       1%          4
i - Olgreb's Toxic Radia  Pois           65%        N/A       1%          4
j - Enfeeble              Hex            48%        N/A       3%          7
k - Summon Cactus Giant   Summ           29%        N/A       30%         6

Your spell library contained the following spells:

 Spells                   Type           Power      Damage    Failure   Level
 Tukima's Dance           Hex            96%        N/A       0%          3
 Freeze                   Ice            100%       1d10      1%          1
 Magic Dart               Conj           100%       1d8       1%          1
 Necrotise                Necr           100%       1d9       1%          1
 Shock                    Conj/Air       100%       1d9       1%          1
 Sting                    Tmut/Pois      100%       1d8       1%          1
 Summon Small Mammal      Summ           100%       N/A       1%          1
 Call Imp                 Summ           58%        N/A       1%          2
 Momentum Strike          Conj/Tloc      100%       3d10      1%          2
 Passwall                 Tmut/Erth      20%        N/A       1%          2
 Poisonous Vapours        Pois/Air       100%       N/A       1%          2
 Scorch                   Fire           50%        2d8       1%          2
 Sublimation of Blood     Necr           25%        N/A       1%          2
 Frozen Ramparts          Ice            100%       1d16      1%          3
 Hailstorm                Conj/Ice       77%        3d16      1%          3
 Swiftness                Air            65%        N/A       1%          3
 Flame Wave               Conj/Fire      59%        2d14      1%          4
 Summon Ice Beast         Ice/Summ       67%        N/A       1%          4
 Yara's Violent Unravell  Hex/Tmut       35%        3d14      1%          5
 Ice Form                 Ice/Tmut       55%        N/A       2%          4
 Gell's Gravitas          Tloc           25%        N/A       3%          3
 Lesser Beckoning         Tloc           50%        N/A       3%          3
 Teleport Other           Tloc           25%        N/A       3%          3
 Irradiate                Conj/Tmut      29%        3d21      5%          5
 Alistair's Intoxication  Tmut/Pois      33%        N/A       11%         5
 Passage of Golubria      Tloc           25%        N/A       13%         4
 Petrify                  Tmut/Erth      25%        N/A       13%         4
 Simulacrum               Ice/Necr       27%        N/A       36%         6
 Ozocubu's Refrigeration  Ice            37%        4d15      38%         7
 Monstrous Menagerie      Summ           29%        N/A       86%         7
 Summon Hydra             Summ           29%        N/A       86%         7
 Dispersal                Tloc           12%        N/A       89%         6
 Borgnjor's Revivificati  Necr           12%        N/A       100%        8
 Necromutation            Tmut/Necr      12%        N/A       100%        8
 Death's Door             Necr           12%        N/A       100%        9


Dungeon Overview and Level Annotations

Branches:
Dungeon (15/15)            Temple (1/1) D:4            Lair (5/5) D:10
  Swamp (0/4) Lair:3       Spider (4/4) Lair:2          Orc (2/2) D:12
    Elf (3/3) Orc:2        Vaults (0/5) D:13         Depths (4/4) D:15
    Zot (0/5) Depths:4      IceCv (visited)
  Slime: Lair:4-5

Altars:
Ashenzari
Cheibriados
Dithmenos
Elyvilon
Fedhas
Gozag
Hepliaklqana
Kikubaaqudgha
Makhleb
Nemelex Xobeh
Okawaru
Qazlal
Ru
Sif Muna
Trog
Uskayaw
Vehumet
Wu Jian
Xom
Yredelemnul
Zin
The Shining One

Shops:
D:8 ?   D:11 !   D:14 *:=   Orc:2 ((:[   Elf:2 *   Depths:2 =

Portals:
Hell: Depths:1 Depths:2 Depths:3
Abyss: Depths:2 Depths:3
Ziggurat: Depths:1

Annotations:
D:11 1 runed translucent door, Bnni's ghost, journeyman DsNe


Innate Abilities, Weirdness & Mutations

You cannot wear most types of armour.
You are amphibious.
You can wear up to eight rings at the same time.
Your skin changes colour to match your surroundings (Stealth+).
Your rubbery body absorbs attacks. (AC +1, EV +1)
((You are camouflaged when in or above water. (Stealth+)))
You have tentacles for arms and can constrict up to eight enemies at once.
You have very sharp teeth.
You passively map a small area around you.


Message History

The deep troll looks frightened!
The frost giant looks frightened!
You kill the frost giant!
Cheibriados appreciates the change of pace.
Okay, then.
Okay, then.
Casting: Summon Lightning Spire (mildly dangerous; 1% risk of failure)
Confirm with . or Enter, or press ? or * to list all spells.
Okay, then.
Casting: Summon Lightning Spire (mildly dangerous; 1% risk of failure)
Confirm with . or Enter, or press ? or * to list all spells.
Aiming: Enfeeble (dangerous; 3% risk of failure)
Press: ? - help, Shift-Dir - straight line, f - deep troll shaman
Aim: a deep troll shaman (lightly wounded, fleeing, will inflict weakness, chance to daze: 98%)
Okay, then.
Okay, then.
Okay, then.
You feel better.
You feel better.
Casting: Enfeeble (dangerous; 3% risk of failure)
Confirm with . or Enter, or press ? or * to list all spells.
Okay, then.
Casting: Enfeeble (dangerous; 3% risk of failure)
Confirm with . or Enter, or press ? or * to list all spells.
An electric hum fills the air.
Casting: Summon Lightning Spire (mildly dangerous; 1% risk of failure)
Confirm with . or Enter, or press ? or * to list all spells.
You miscast Summon Cactus Giant.
You are very lightly contaminated with residual magic.
Desperate hands claw out at you.
A nameless horror comes into view.
The green draconian breathes poison at you.
Casting: Summon Cactus Giant (dangerous; 30% risk of failure)
Confirm with . or Enter, or press ? or * to list all spells.
You miscast Summon Cactus Giant.
You are lightly contaminated with residual magic.
Something forms from out of thin air.
A nameless horror comes into view.
The fire dragon breathes flames at you. The blast of flame hits you!!
You resist.
You die...

#.........'†...# #....#
#######...##†)†########....#
#.....#...##)..#...........#
,
#.....'....#...#...........#,
,'
#.....#....#...#...........#
#.....#...##...#...........#
.....##...##...#X......#####
.....#....#...○#☼8○....#.....
.....#....#....☼@☼......#....
)†...#.....#...#○○.......# ,,
.))..# ....#..#☼☼X⌠......# *
* †....# #.##.#☼.○....##.#
.....# .. ,.#☼D.)...#..#.. ,
.....'.. . ..#§.######..#...
.....#..# .###d##. , *##.#.#
.....#..# ..,#)[#d. #d.
.....# ... #).#D##### , .. ,


You could see a green draconian, a fire dragon (catching breath), 2 nameless
horrors and a friendly lightning spire (summoned).

Vanquished Creatures
  A juggernaut (Depths:4)
  Saint Roka (Orc:2)
  Bai Suzhen (Depths:1)
  2 caustic shrikes (Depths:4)
  2 golden dragons
  A bone dragon (Depths:2)
  the Enchantress (Depths:1)
  Jorgrun (D:13)
  4 deep elf master archers (Elf:3)
  A deep elf blademaster (Elf:3)
  Frances (Elf:1)
  A shadow dragon (Elf:1)
  2 sphinxes
  2 storm dragons
  4 fire giants
  3 frost giants
  8 deep elf sorcerers
  A draconian scorcher (Depths:4)
  6 deep elf elementalists
  3 emperor scorpions
  An iron dragon (Elf:1)
  A reaper (IceCv)
  4 broodmothers (Spider:1)
  5 stone giants
  3 spriggan defenders (Depths:1)
  Nessos (D:13)
  4 deep elf demonologists
  9 very ugly things
  A black draconian (Depths:4)
  A vampire knight (Depths:3)
  A yellow draconian (Depths:4)
  12 deep elf annihilators
  A purple draconian (Depths:4)
  A blizzard demon (Depths:2)
  4 deep elf death magi
  7 spark wasps
  2 merfolk javelineers
  A merfolk impaler (Depths:1)
  8 fire dragons
  5 ettins
  2 entropy weavers (Spider:1)
  3 rakshasas
  3 deep elf high priests (Elf:3)
  The ghost of Conn the Arsonist, a journeyman OpFE (Orc:2)
  A hell beast (Depths:2)
  Erolcha (Orc:2)
  4 vault guards (D:13)
  A jorogumo (Spider:2)
  An ice dragon (Depths:2)
  An ogre mage (D:13)
  2 boulder beetles (D:15)
  4 hydras
  2 spriggan air magi
  5 centaur warriors
  7 dancing weapons
  6 two-headed ogres
  2 death yaks (D:10)
  5 deep troll shamans
  7 spriggan berserkers
  A tengu warrior (Depths:4)
  5 hell knights (Depths:1)
  9 orc high priests
  13 deep elf knights
  Amaemon (D:11)
  Lodul (D:13)
  A fire crab (Lair:5)
  9 iron trolls
  A pharaoh ant (Spider:2)
  A flayed ghost (Depths:2)
  2 glowing orange brains (Depths:3)
  7 deep trolls
  A wizard (Depths:3)
  8 deep elf archers
  An orb spider (Spider:1)
  4 steelbarb worms
  6 orc knights
  23 deep elf pyromancers
  2 necromancers (Depths:1)
  16 deep elf zephyrmancers
  6 wolf spiders
  11 ugly things
  A moth of wrath (Spider:3)
  A manticore (shapeshifter) (D:15)
  2 cyclopes
  3 manticores
  2 orc sorcerers
  4 elephants (Lair:2)
  Maurice (D:9)
  A water nymph (shapeshifter) (Elf:1)
  4 black mambas
  4 gargoyles
  3 torpor snails
  3 molten gargoyles
  5 demonic crawlers
  An orange demon (D:11)
  7 cane toads
  An ice statue (IceCv)
  3 kobold demonologists
  A nameless horror (Depths:4)
  3 unseen horrors (D:11)
  2 rime drakes
  5 komodo dragons
  5 yaktaurs
  3 tengu conjurers
  2 anaconda simulacra (IceCv)
  12 meliai
  A meliai (shapeshifter) (Elf:1)
  Grinder (D:3)
  6 trolls
  2 polar bears
  Prince Ribbit (D:9)
  13 tarantellas
  5 blink frogs (Lair:1)
  A hornet (D:9)
  A blink frog (shapeshifter) (Elf:3)
  5 air elementals
  8 slime creatures
  7 culicivoras
  16 jumping spiders
  4 wyverns
  29 yaks
  3 dire elephant simulacra (IceCv)
  A fire elemental (Elf:3)
  13 water elementals
  3 basilisks (Lair:5)
  18 redbacks
  4 steam dragons
  5 vampire mosquitoes
  A harpy simulacrum (IceCv)
  3 wargs
  4 death yak simulacra
  A swamp worm (shapeshifter) (Elf:2)
  4 hell hounds (Lair:5)
  2 acid dragons
  A hydra simulacrum (IceCv)
  7 water moccasins
  33 orc warriors
  3 ice beasts
  A sky beast (D:8)
  3 boggarts (D:15)
  19 ogres
  13 centaurs
  Blork the orc (D:6)
  9 kobold brigands
  5 earth elementals
  10 bullfrogs
  4 cane toad simulacra (IceCv)
  2 scorpions
  3 two-headed ogre simulacra
  3 elephant simulacra
  The ghost of Azuvok the Chopper, a weakling MiFi (D:3)
  11 killer bees
  A howler monkey (D:7)
  8 electric eels
  4 lava snakes (Lair:5)
  3 jellies
  2 gnoll boudas
  3 hounds
  26 orc priests
  Terence (D:2)
  9 orc wizards
  2 polar bear simulacra (IceCv)
  3 hell rats (Lair:1)
  4 troll simulacra
  10 spriggan simulacra (IceCv)
  5 gnolls
  8 naga simulacra
  4 adders
  6 river rats (Lair:1)
  6 white imps
  5 ufetubi
  A worm (D:2)
  4 dart slugs
  74 orcs
  4 bats
  4 endoplasms
  4 goblins
  9 hobgoblins
  3 jackals
  4 quokkas
  5 ball pythons
  2 frilled lizards
  24 kobolds
  10 rats
  A fire vortex (Depths:3)
934 creatures vanquished.

Vanquished Creatures (collateral kills)
  2 caustic shrikes (Depths:4)
  Arachne (Spider:2)
  A deep elf blademaster (Elf:3)
  A balrug (Depths:2)
  A deep elf demonologist (Elf:3)
  A deep elf annihilator (Elf:3)
  2 deep elf death magi (Elf:3)
  A fire dragon (Elf:1)
  3 deep elf high priests
  A great orb of eyes (D:15)
  An ice dragon (Depths:2)
  A spriggan air mage (Depths:1)
  A radroach (Spider:1)
  A death yak (D:10)
  A deep troll shaman (Depths:1)
  A deep troll earth mage (Depths:2)
  3 deep elf knights (Elf:1)
  A pharaoh ant (Spider:2)
  An iron troll (Depths:1)
  A deep troll (Depths:4)
  2 orb spiders
  A glowing orange brain (Depths:2)
  A steelbarb worm (Spider:3)
  5 deep elf zephyrmancers
  2 wolf spiders
  A deep elf pyromancer (Elf:1)
  2 ugly things
  A torpor snail (Spider:3)
  2 tarantellas
  3 jumping spiders
  A culicivora (Spider:1)
  4 slime creatures
  3 yaks (D:10)
  2 redbacks (Spider:3)
  3 wargs
  3 orc warriors
  A centaur (D:12)
  An ogre (Orc:2)
  A two-headed ogre simulacrum (Orc:2)
  An orc priest (Orc:2)
  3 gnolls (D:3)
  11 orcs
80 creatures vanquished.

Vanquished Creatures (others)
  3 yaks (D:10)
  A water elemental (Depths:3)
  An orc warrior (D:10)
  2 centaurs (D:12)
  A polar bear simulacrum (Orc:2)
  A gnoll (D:3)
  9 fungi
  49 plants
67 creatures vanquished.

Grand Total: 1081 creatures vanquished

Notes
Turn   | Place    | Note
-------+----------+-------------------------------------------
     0 | D:1      | M4edhros the Octopode Artificer began the quest for the
                  | Orb.
     0 | D:1      | Reached XP level 1. HP: 13/13 MP: 1/1
   218 | D:1      | Reached XP level 2. HP: 18/18 MP: 2/2
   221 | D:1      | Reached skill level 1 in Unarmed Combat
   513 | D:2      | Found a basalt altar of Yredelemnul.
   608 | D:3      | Noticed Grinder
   649 | D:4      | Reached XP level 3. HP: 23/23 MP: 3/3
   744 | D:4      | Found a staircase to the Ecumenical Temple.
   753 | Temple   | Entered the Ecumenical Temple
  1096 | D:3      | Noticed Azuvok's ghost (weakling MiFi)
  1104 | D:3      | Learned a level 1 spell: Shock
  1110 | D:3      | Found a transporter.
  1112 | D:3      | Identified the +6 halberd of Dominance {venom, rPois MP+9
                  | Stlth+}
  1154 | D:3      | Found a transporter.
  1558 | D:2      | Noticed Terence
  1572 | D:2      | Killed Terence
  1573 | D:2      | Reached XP level 4. HP: 17/28 MP: 4/4
  2028 | D:2      | Reached skill level 1 in Air Magic
  2112 | D:2      | Reached skill level 1 in Conjurations
  2231 | D:3      | Killed Grinder
  2232 | D:3      | Reached skill level 1 in Short Blades
  2232 | D:3      | Reached skill level 3 in Dodging
  2232 | D:3      | Reached XP level 5. HP: 34/34 MP: 5/5
  2232 | D:3      | Reached XP level 6. HP: 39/39 MP: 6/6
  2555 | D:3      | Learned a level 1 spell: Apportation
  2637 | D:3      | Gained mutation: You passively map a small area around you.
                  | [potion of mutation]
  2637 | D:3      | Gained mutation: You have very sharp teeth. [potion of
                  | mutation]
  2653 | D:3      | Killed Azuvok's ghost
  2824 | D:4      | Reached skill level 1 in Polearms
  2824 | D:4      | Reached XP level 7. HP: 45/45 MP: 7/7
  3003 | D:5      | Entered Level 5 of the Dungeon
  3160 | D:6      | Noticed Blork the orc
  3165 | D:6      | Killed Blork the orc
  3265 | D:6      | Reached XP level 8. HP: 39/51 MP: 8/8
  3482 | D:7      | Found an ancient bone altar of Kikubaaqudgha.
  3499 | D:7      | Learned a level 4 spell: Airstrike
  3530 | D:7      | Reached skill level 5 in Stealth
  3664 | D:8      | Reached skill level 4 in Dodging
  3674 | D:8      | Found a stormy altar of Qazlal.
  3679 | D:8      | Reached skill level 5 in Evocations
  3688 | D:8      | Reached skill level 5 in Polearms
  3767 | D:8      | Reached XP level 9. HP: 57/57 MP: 9/9
  3845 | D:9      | Reached skill level 1 in Spellcasting
  3863 | D:9      | Noticed a hornet
  3870 | D:9      | Killed a hornet
  3899 | D:9      | Noticed Prince Ribbit
  3904 | D:9      | Killed Prince Ribbit
  4006 | D:9      | Reached skill level 5 in Air Magic
  4017 | D:9      | Reached skill level 5 in Conjurations
  4050 | D:9      | Noticed Maurice
  4058 | D:9      | Killed Maurice
  4080 | D:10     | Entered Level 10 of the Dungeon
  4149 | D:10     | Found a hide-covered altar of Uskayaw.
  4149 | D:10     | Found a sacrificial altar of Ru.
  4150 | D:10     | Found a shimmering altar of Xom.
  4183 | D:10     | Found a white marble altar of Elyvilon.
  4232 | D:10     | Reached XP level 10. HP: 57/65 MP: 14/14
  4238 | D:10     | Learned a level 2 spell: Wereblood
  4241 | D:10     | Learned a level 2 spell: Blink
  4254 | D:10     | Found a blossoming altar of Fedhas.
  4273 | D:10     | Learned a level 3 spell: Ozocubu's Armour
  4277 | D:10     | Noticed a death yak
  4277 | D:10     | Noticed a death yak
  4310 | D:9      | Noticed a kobold demonologist
  4317 | D:9      | Killed a kobold demonologist
  4359 | D:8      | Reached skill level 1 in Ice Magic
  4419 | D:8      | Found Laupoiny's Magic Scroll Shop.
  4428 | D:8      | Reached skill level 5 in Dodging
  4458 | D:8      | Bought a scroll of blinking for 120 gold pieces
  4458 | D:8      | Bought a scroll of teleportation for 48 gold pieces
  4458 | D:8      | Bought a scroll of blinking for 120 gold pieces
  4606 | D:10     | Found a staircase to the Lair.
  4609 | D:10     | Noticed a death yak
  4622 | D:10     | Killed a death yak
  4624 | D:10     | Killed a death yak
  4625 | D:10     | Reached skill level 5 in Fighting
  4634 | D:10     | Killed a death yak
  4760 | D:10     | Reached XP level 11. HP: 60/72 MP: 15/15
  4878 | D:10     | Found an iron altar of Okawaru.
  5128 | D:10     | Learned a level 3 spell: Mephitic Cloud
  5320 | D:9      | Reached skill level 10 in Polearms
  5730 | D:5      | Found a snail-covered altar of Cheibriados.
  5733 | D:5      | Found a broken altar of Ashenzari.
  5735 | D:5      | Found a sparkling altar of Nemelex Xobeh.
  5741 | D:5      | Became a worshipper of Cheibriados the Contemplative
  6062 | D:11     | Found Tonebobb's Distillery.
  6067 | D:11     | Bought a potion of might for 48 gold pieces
  6067 | D:11     | Bought a potion of heal wounds for 60 gold pieces
  6067 | D:11     | Bought a potion of might for 48 gold pieces
  6067 | D:11     | Bought a potion of invisibility for 96 gold pieces
  6067 | D:11     | Bought a potion of invisibility for 96 gold pieces
  6074 | D:12     | Found a staircase to the Orcish Mines.
  6131 | D:12     | Reached skill level 6 in Dodging
  6163 | D:12     | Reached skill level 5 in Ice Magic
  6218 | D:12     | Noticed a manticore
  6263 | D:12     | Killed a manticore
  6320 | D:13     | Noticed an orc knight
  6320 | D:13     | Noticed a two-headed ogre
  6326 | D:13     | Killed a two-headed ogre
  6326 | D:13     | Killed an orc knight
  6326 | D:13     | Reached * piety under Cheibriados
  6407 | D:13     | Noticed a vault guard
  6407 | D:13     | Noticed a vault guard
  6407 | D:13     | Noticed a deep elf knight
  6439 | D:12     | Noticed a deep elf pyromancer
  6446 | D:12     | Killed a deep elf pyromancer
  6480 | D:12     | Reached XP level 12. HP: 55/80 MP: 5/16
  6509 | Orc:1    | Entered Level 1 of the Orcish Mines
  6550 | Orc:1    | Reached ** piety under Cheibriados
  6586 | Orc:1    | Noticed an ettin
  6603 | Orc:2    | Entered Level 2 of the Orcish Mines
  6628 | Orc:2    | Killed an ettin
  6629 | Orc:2    | Reached skill level 7 in Dodging
  6662 | Orc:2    | Found a frozen archway.
  6666 | Orc:2    | Noticed Erolcha
  6711 | IceCv    | Entered an ice cave
  6731 | IceCv    | Reached *** piety under Cheibriados
  6998 | IceCv    | Identified the +0 pair of gloves of Indemnity {rC- Str+6
                  | Int+6}
  7076 | IceCv    | Reached **** piety under Cheibriados
  7280 | IceCv    | Noticed a reaper
  7316 | IceCv    | Killed a reaper
  7520 | Orc:2    | Reached ***** piety under Cheibriados
  7552 | Orc:2    | Noticed Saint Roka
  7569 | Orc:2    | Your ally Erolcha died
  7570 | Orc:2    | Reached skill level 8 in Dodging
  7570 | Orc:2    | Reached skill level 1 in Invocations
  7571 | Orc:2    | Noticed an orc high priest
  7572 | Orc:2    | Noticed an orc high priest
  7579 | Orc:2    | Killed an orc high priest
  7580 | Orc:2    | Killed an orc high priest
  7581 | Orc:2    | Reached XP level 13. HP: 44/86 MP: 7/17
  7682 | Orc:2    | Found Railibur's Antique Armour Shop.
  7682 | Orc:2    | Found Pad Kack's Antique Weapon Shop.
  7683 | Orc:2    | Found Reucze's Book Shop.
  7683 | Orc:2    | Found Qiceiph's Antique Weapon Boutique.
  7692 | Orc:2    | Bought a runed hat for 231 gold pieces
  7855 | Orc:2    | Identified a scroll of acquirement
  7855 | Orc:2    | Acquired the ring of Egomania {Fire Will+ MP+9}
  7899 | Orc:2    | Noticed Conn's ghost (journeyman OpFE)
  7901 | Orc:2    | Found a runed translucent gate.
  7902 | Orc:2    | Found a runed translucent gate.
  7903 | Orc:2    | Found a runed translucent gate.
  7945 | Orc:2    | Killed Conn's ghost
  7948 | Orc:2    | Reached skill level 9 in Dodging
  7985 | Orc:2    | Found a staircase to the Elven Halls.
  8063 | Lair:1   | Entered Level 1 of the Lair of Beasts
  8240 | Lair:2   | Reached ****** piety under Cheibriados
  8336 | Lair:1   | Reached skill level 5 in Invocations
  8367 | Lair:3   | Learned a level 2 spell: Ensorcelled Hibernation
  8372 | Lair:3   | Found a staircase to the Swamp.
  8411 | Lair:5   | Entered Level 5 of the Lair of Beasts
  8415 | Lair:5   | Reached skill level 1 in Hexes
  8755 | Lair:5   | Noticed a fire dragon
  8757 | Lair:5   | Found a large runed translucent door.
  8757 | Lair:5   | Found a large runed translucent door.
  8769 | Lair:5   | Reached XP level 14. HP: 95/95 MP: 7/18
  8814 | Lair:5   | Got the Volume of the Komodo Dragon
  9087 | Lair:3   | Reached skill level 10 in Dodging
  9251 | Lair:3   | Reached skill level 5 in Hexes
  9333 | Lair:2   | Found a hole to the Spider Nest.
  9352 | Spider:1 | Entered Level 1 of the Spider Nest
  9352 | Spider:1 | Noticed a broodmother
  9354 | Spider:1 | Reached skill level 15 in Polearms
  9379 | Spider:1 | Killed a broodmother
  9402 | Spider:1 | Noticed an emperor scorpion
  9419 | Spider:1 | Killed an emperor scorpion
  9591 | Spider:1 | Learned a level 4 spell: Summon Lightning Spire
  9622 | Spider:1 | Noticed a broodmother
  9622 | Spider:1 | Noticed a broodmother
  9634 | Spider:1 | HP: 3/95 [broodmother (14)]
  9636 | Spider:1 | Killed a broodmother
  9637 | Spider:1 | Reached skill level 1 in Summonings
  9640 | Spider:1 | Killed a broodmother
  9688 | Spider:1 | Noticed a broodmother
  9702 | Spider:1 | Killed a broodmother
  9710 | Spider:1 | Acquired the +1 bardiche of the Maze {holy, rPois rF+ MP+9}
  9798 | Spider:2 | Noticed Arachne
  9980 | Spider:2 | Killed Arachne
 10003 | Spider:2 | Upgraded the game from 0.30-a0-591-g3c58d2bc28 to
                  | 0.30-a0-600-gb7c8574cbb
 10035 | Spider:2 | Reached skill level 5 in Spellcasting
 10062 | Spider:2 | Reached skill level 11 in Dodging
 10076 | Spider:2 | Reached XP level 15. HP: 48/101 MP: 22/22
 10135 | Spider:2 | Noticed an emperor scorpion
 10138 | Spider:2 | HP: 5/101 [meliai/divine providence (16)]
 10304 | Spider:3 | Noticed an emperor scorpion
 10318 | Spider:3 | Killed an emperor scorpion
 10381 | Spider:3 | Noticed an emperor scorpion
 10401 | Spider:3 | Killed an emperor scorpion
 10481 | Spider:4 | Entered Level 4 of the Spider Nest
 11091 | D:11     | Reached skill level 10 in Hexes
 11133 | D:11     | Found a runed translucent door.
 11137 | D:11     | Noticed Bnni's ghost (journeyman DsNe)
 11201 | D:11     | Noticed Amaemon
 11205 | D:11     | Killed Amaemon
 11384 | D:11     | Reached skill level 12 in Dodging
 11508 | Elf:1    | Entered Level 1 of the Elven Halls
 11681 | Elf:1    | Reached skill level 10 in Fighting
 11863 | Elf:1    | Noticed Frances
 11896 | Elf:1    | Killed Frances
 11897 | Elf:1    | Reached XP level 16. HP: 107/109 MP: 23/23
 12047 | Elf:1    | Reached skill level 13 in Dodging
 12290 | Elf:1    | Found a runed translucent gate.
 12290 | Elf:1    | Found a runed translucent gate.
 12290 | Elf:1    | Found a runed translucent gate.
 12290 | Elf:1    | Found a runed translucent gate.
 12290 | Elf:1    | Found a runed translucent gate.
 12292 | Elf:1    | Noticed a shadow dragon
 12294 | Elf:1    | Found a runed translucent gate.
 12354 | Elf:1    | Killed a shadow dragon
 12484 | Elf:2    | Reached skill level 14 in Dodging
 12547 | Elf:2    | Found Kecwuug's General Store.
 12592 | Elf:3    | Entered Level 3 of the Elven Halls
 12625 | Elf:3    | Found a runed translucent door.
 12775 | Elf:3    | Reached XP level 17. HP: 117/117 MP: 24/24
 12889 | Elf:3    | Reached skill level 15 in Dodging
 12917 | Elf:3    | Paralysed by an air elemental for 1 turns
 12926 | Elf:3    | Noticed a deep elf master archer
 12936 | Elf:3    | Killed a deep elf master archer
 12976 | Elf:3    | Noticed a deep elf blademaster
 12980 | Elf:3    | Killed a deep elf blademaster
 13036 | Elf:3    | Noticed a deep elf master archer
 13055 | Elf:3    | Killed a deep elf master archer
 13056 | Elf:3    | Reached skill level 16 in Dodging
 13128 | Elf:3    | Noticed a deep elf blademaster
 13143 | Elf:3    | Killed a deep elf blademaster
 13149 | Elf:3    | Noticed a deep elf master archer
 13154 | Elf:3    | Killed a deep elf master archer
 13283 | Elf:3    | Noticed a deep elf master archer
 13342 | Elf:3    | Found the +8 storm bow {elec, penet}
 13397 | Elf:3    | Killed a deep elf master archer
 13423 | Elf:3    | Found the dreamshard necklace {*Dream Drain}
 13427 | Elf:3    | Identified the amulet "Qetistuck" {rF+ Regen+ Str+3}
 13505 | Elf:3    | Identified the +8 hand axe of Contradiction {freeze, rPois
                  | rF- rN++ Dex+4}
 13643 | Elf:3    | Got the Folio of Invitation
 13999 | Orc:2    | Killed Saint Roka
 14034 | Orc:2    | Bought a Young Poisoner's Handbook for 280 gold pieces
 14039 | Orc:2    | Learned a level 4 spell: Olgreb's Toxic Radiance
 14188 | D:13     | Reached skill level 17 in Dodging
 14188 | D:13     | Reached skill level 1 in Poison Magic
 14235 | D:13     | Found a gate to the Vaults.
 14322 | D:14     | Found Qaynyn's Jewellery Shop.
 14333 | D:14     | Bought the ring "Basmudig" {rF- rN+ Will++ Int+9} for 846
                  | gold pieces
 14333 | D:14     | Bought the ring of Keeskiub {rF+ Dex+3 SInv} for 680 gold
                  | pieces
 14402 | D:14     | Reached XP level 18. HP: 128/128 MP: 27/27
 14484 | D:14     | Found Kuskucio's General Store.
 14505 | D:14     | Found Woath's Book Boutique.
 14508 | D:15     | Entered Level 15 of the Dungeon
 14588 | D:13     | Noticed Nessos
 14590 | D:13     | Identified the +7 morningstar of the Thing {flame, rF+
                  | rCorr Str-5}
 14595 | D:13     | Killed Nessos
 14626 | D:13     | Noticed Lodul
 14653 | D:13     | Killed Lodul
 14688 | D:13     | Noticed Jorgrun
 14699 | D:13     | Killed Jorgrun
 14875 | D:13     | Identified the +3 long sword "Gour" {freeze, rF+ rN+ Will+}
 15046 | D:15     | Identified the +6 hand axe of Conflict {drain, Str+2}
 15138 | D:15     | Found a broken altar of Ashenzari.
 15288 | D:15     | Found a staircase to the Depths.
 15301 | Depths:1 | Entered Level 1 of the Depths
 15371 | Depths:1 | Found a radiant altar of Vehumet.
 15387 | Depths:1 | Reached skill level 5 in Poison Magic
 15492 | Depths:1 | Noticed Bai Suzhen
 15514 | Depths:1 | Killed Bai Suzhen
 15515 | Depths:1 | Reached skill level 18 in Dodging
 15616 | Depths:1 | Found a gateway to Hell.
 15656 | Depths:1 | Noticed the Enchantress
 15706 | Depths:1 | Killed the Enchantress
 15877 | Depths:1 | Found a one-way gateway to a ziggurat.
 15899 | Depths:1 | Paralysed by a floating eye for 2 turns
 15904 | Depths:1 | Paralysed by a floating eye for 2 turns
 15908 | Depths:1 | Paralysed by a floating eye for 2 turns
 15985 | Depths:2 | Reached XP level 19. HP: 119/134 MP: 32/32
 16150 | Depths:2 | Found Juafreoc's Jewellery Shoppe.
 16155 | Depths:2 | Bought the ring of the Komtur {rC+ Int+3} for 574 gold
                  | pieces
 16240 | Depths:2 | Noticed a golden dragon
 16265 | Depths:2 | Killed a golden dragon
 16266 | Depths:2 | Reached skill level 10 in Spellcasting
 16284 | Depths:2 | Identified the +5 hand axe of the Threshing Spider {freeze,
                  | Str+4 Dex-3 Stlth+}
 16457 | Depths:2 | Noticed a bone dragon
 16473 | Depths:2 | Killed a bone dragon
 16475 | Depths:2 | Found a one-way gate to the infinite horrors of the Abyss.
 16482 | Depths:2 | Reached skill level 19 in Dodging
 16804 | Depths:3 | Found a hide-covered altar of Uskayaw.
 17432 | Depths:4 | Entered Level 4 of the Depths
 17486 | Depths:4 | Noticed a juggernaut
 17512 | Depths:4 | Killed a juggernaut
 17528 | Depths:4 | Learned a level 7 spell: Enfeeble
 17535 | Depths:4 | Learned a level 6 spell: Summon Cactus Giant
 17655 | Depths:4 | Noticed a caustic shrike
 17656 | Depths:4 | Noticed a caustic shrike
 17658 | Depths:4 | Noticed a caustic shrike
 17661 | Depths:4 | Noticed a caustic shrike
 17663 | Depths:4 | Killed a caustic shrike
 17666 | Depths:4 | Killed a caustic shrike
 17671 | Depths:4 | Killed a caustic shrike
 17671 | Depths:4 | Killed a caustic shrike
 17676 | Depths:4 | Reached skill level 20 in Dodging
 17720 | Depths:4 | Reached XP level 20. HP: 31/140 MP: 24/36
 17811 | Depths:4 | Noticed a golden dragon
 17812 | Depths:4 | Found a gate to the Realm of Zot.
 17832 | Depths:4 | Killed a golden dragon
 17845 | Depths:4 | HP: 3/140 [yellow draconian/glob of acid (12)]
 17852 | Depths:4 | Killed from afar by a fire dragon

Illustrated notes

Levels and vault maps discovered:
D:1:      lightli_iron_boxes, layout_loops_ring, nrook_campfire,
          minmay_large_rounded_square, minmay_vboxes
D:2:      layout_basic, shapermc_ecumenical_altar_flowoftime, basic_altar,
          uniq_terence, uniq_crazy_yiuf_cottage
D:3:      layout_basic, gammafunk_ghost_gnarly_gnolls, hangedman_decor_growths,
          minmay_increasing_density, uniq_grinder
D:4:      layout_loops_corners, minmay_temple_entry_overgrown
D:5:      layout_basic, grunt_temple_overflow_diamond, serial_shops,
          nicolae_shop_bloodbath_and_beyond, dreamdust_mushroom_princess
D:6:      layout_basic, serial_bayou_pond_c, minivault_1, uniq_blork_the_orc,
          uniq_maggie
D:7:      layout_loops_ring, mainiacjoe_overflow_chevrons,
          gammafunk_ghost_grave, minmay_quadrilaterals
D:8:      layout_basic, mainiacjoe_overflow_cross_hatched, serial_shops,
          nicolae_diamond_shop, serial_bayou_lake_a
D:9:      layout_loops_cross, uniq_prince_ribbit1, uniq_maurice
D:10:     layout_loops_corners, fedhas_altar_2,
          chequers_temple_overflow_statue_of_worship, okawaru_metal_pillars_1_2,
          lemuel_crystal_altar, dpeg_lair_monsters
D:11:     layout_loops_ring, serial_shops, shop, ebering_ghost_reflecting_pool,
          uniq_amaemon
D:12:     layout_gridville, orc_0_dummy
D:13:     layout_roguey [special_room_orc], grunt_vaults_entry_fortified,
          uniq_nessos, uniq_jorgrun, uniq_lodul
D:14:     layout_roguey, serial_shops, shop, shop, kennysheep_little_box,
          nicolae_shop_statue_plus, shop
D:15:     gammafunk_enter_depths_forms, layout_basic,
          minmay_misc_feat_more_columns, drop_trap, minmay_curled_crystal,
          cheibrodos_ashenzari_chains
Temple:   grunt_temple_mini_profane
Lair:1:   layout_regular_city, kennysheep_abandoned_house, grunt_megastairs_1
Lair:2:   layout_chaotic_city, spider_nest_entry_a, serial_bayou_shore_b,
          infiniplex_staircase_pool
Lair:3:   layout_regular_city, swamp_mist, serial_bayou_shore_a
Lair:4:   layout_loops_ring, minmay_slime_entry_jelly_boxes
Lair:5:   cheibrodos_lair_end_hotspot, layout_regular_city
Spider:1: nicolae_spider_brood_tunnel, drop_trap
Spider:2: layout_spider_delve, uniq_arachne
Spider:3: layout_chambers, nicolae_spider_bug_shape, uniq_nikola
Spider:4: spider_rune_water
Orc:1:    layout_diamond_mine
Orc:2:    st_orc_pillars, layout_diamond_mine, basic_altar,
          portal_ice_cave_entry_ice_simulacra, gammafunk_ghost_split,
          uniq_saint_roka, uniq_erolcha
Elf:1:    nicolae_elf_arrival_no_cutting_in_line, layout_gridlike, serial_shops,
          shop, orc_legates, hangedman_elf_represent, grunt_megastairs_2,
          uniq_frances
Elf:2:    nicolae_elf_blades_splatter_lattice [nooodl_blade_entry_preview],
          layout_loops_ring, serial_shops, shop_fountains, minivault_16,
          minivault_20
Elf:3:    minmay_elf_hall_four_x, layout_rooms, minivault_13
Depths:1: layout_basic, enter_ziggurat_d, serial_bayou, serial_bayou_shore_b,
          serial_bayou_pond_c, serial_bayou_shore_b, serial_bayou_lagoon_a,
          serial_bayou_crossing, fiery_altar_vehumet, hell_entry,
          feat_on_display, uniq_enchantress, uniq_bai_suzhen
Depths:2: kennysheep_oblong_rooms, layout_gridlike, serial_shops,
          nicolae_shop_hallway_stairs, grunt_mini_vestibule, interstate_on_off,
          abyss_entry, grunt_pan_entry_sceptre, serial_bayou_shore_b,
          infiniplex_staircase_pool_lava
Depths:3: kennysheep_spiral_hall, layout_gridlike, grunt_hell_entry_dis_old,
          grunt_decor_mini_mirrors, abyss_entry, dancing_weapons_uskayaw,
          infiniplex_staircase_squiggle
Depths:4: grunt_twist_and_shout, layout_gridville, hell_entry,
          grunt_decor_resistance, zin_statuary, uniq_boris

Skill      XL: |  1  2  3  4  5  6  7  8  9 10 11 12 13 14 15 16 17 18 19 |
---------------+----------------------------------------------------------+-----
Unarmed Combat | 1 |  1.8
Stealth        | 2 3 4 6 7 8 |  8.0
Air Magic      | 2 3 4 5 6 |  6.0
Conjurations   | 2 3 4 5 6 8 9 |  9.3
Fighting       | 2 3 4 5 6 7 8 9 10 11 13 | 13.0
Short Blades   | 1 |  1.5
Dodging        | 3 4 5 6 8 9 11 12 14 17 18 20 | 20.2
Evocations     | 4 5 |  5.0
Polearms       | 1 3 5 7 9 12 14 15 16 | 16.0
Spellcasting   | 2 3 5 6 9 12 | 12.4
Ice Magic      | 3 5 6 8 |  8.0
Invocations    | 3 6 7 |  7.0
Hexes          | 4 8 12 14 | 14.1
Summonings     | 3 4 |  4.6
Poison Magic   | 1 6 |  6.0

Action                   |  1- 3 |  4- 6 |  7- 9 | 10-12 | 13-15 | 16-18 | 19-21 || total
-------------------------+-------+-------+-------+-------+-------+-------+-------++-------
Melee: Unarmed           |    70 |       |       |       |       |       |       ||    70
       Constrict         |    21 |    13 |    18 |    43 |   109 |   100 |    28 ||   332
       Tentacles         |    19 |     9 |    23 |    76 |   205 |   243 |   149 ||   724
       Punch             |     3 |     2 |     2 |    10 |    22 |    17 |    21 ||    77
       Dagger            |    21 |    47 |       |       |       |       |       ||    68
       Halberd           |       |     4 |   114 |   397 |   718 |   808 |   413 ||  2454
       Bite              |       |     1 |    11 |    38 |   109 |   156 |    83 ||   398
 Fire: Longbow           |       |       |       |       |       |     7 |       ||     7
Throw: Dart              |       |       |     4 |     4 |     1 |       |       ||     9
 Cast: Airstrike         |       |       |       |    10 |    54 |    25 |    10 ||    99
       Ozocubu's Armour  |       |       |       |    13 |    28 |    13 |     8 ||    62
       Wereblood         |       |       |       |    11 |     7 |       |       ||    18
       Apportation       |       |       |       |       |    59 |    22 |     2 ||    83
       Mephitic Cloud    |       |       |       |       |     7 |     2 |       ||     9
       Ensorcelled Hiber |       |       |       |       |    29 |       |       ||    29
       Summon Lightning  |       |       |       |       |    35 |    56 |    26 ||   117
       Summon Cactus Gia |       |       |       |       |       |       |     9 ||     9
Invok: Slouch            |       |       |       |     2 |    15 |    21 |     9 ||    47
Evoke: Wand              |     4 |     8 |    14 |    28 |     2 |     7 |       ||    63
       Phantom mirror    |       |       |       |       |       |     1 |       ||     1
  Use: Potion            |       |     1 |     2 |     8 |     8 |    13 |     4 ||    36
       Scroll            |       |       |       |    25 |     8 |     5 |     3 ||    41
 Stab: Sleeping          |    10 |     9 |    11 |    16 |    30 |    30 |    13 ||   119
       Invisible         |       |       |       |     6 |    10 |       |       ||    16
       Distracted        |       |       |       |     5 |    15 |    28 |    20 ||    68
       Confused          |       |       |       |       |     6 |     3 |       ||     9
Armor: Skin              |     7 |     9 |     6 |    30 |    82 |    28 |    17 ||   179
Dodge: Dodged            |    51 |    21 |    61 |   249 |   990 |   892 |   475 ||  2739

Table legend: (Time is in decaauts)
 A = Elapsed time spent in this place.
 B = Non-inter-level travel time spent in this place.
 C = Inter-level travel time spent in this place.
 D = Time resting spent in this place.
 E = Time spent auto-exploring this place.
 F = Levels seen in this place.
 G = Mean time per level.
                   A        B        C        D        E       F      G
               +--------+--------+--------+--------+--------+-----+--------+
         Total |  24111 |  20714 |   3397 |    163 |   3965 |  35 |  688.9 |
       Dungeon |   9034 |   7777 |   1257 |      5 |   3297 |  15 |  602.3 |
        Temple |    215 |    177 |     38 |      0 |    173 |   1 |  215.0 |
          Lair |   2301 |   2103 |    198 |    103 |     59 |   5 |  460.2 |
   Spider Nest |   2452 |   2196 |    256 |      0 |     44 |   4 |  613.0 |
  Orcish Mines |   1498 |   1201 |    297 |      0 |     80 |   2 |  749.0 |
   Elven Halls |   3844 |   2838 |   1006 |     16 |     54 |   3 | 1281.3 |
        Depths |   3704 |   3361 |    343 |      0 |    144 |   4 |  926.0 |
      Ice Cave |   1061 |   1061 |      0 |     39 |    112 |   1 | 1061.0 |
               +--------+--------+--------+--------+--------+-----+--------+

Top non-repeatable levels by time:
   Elf:3: 1789 daAuts
   Elf:1: 1721 daAuts
Depths:3: 1340 daAuts
   Orc:2: 1301 daAuts
   IceCv: 1061 daAuts
Spider:1: 1038 daAuts
    D:10: 1002 daAuts
    D:13: 960 daAuts
     D:3: 953 daAuts
Depths:1: 935 daAuts
Depths:2: 923 daAuts
     D:9: 756 daAuts
Spider:2: 727 daAuts
     D:1: 694 daAuts
     D:2: 641 daAuts
